 Dungeon Crawl Stone Soup version 0.32-a0-699-g1ee5eff69a (webtiles) character file.

Game seed: 1214676971692462710

91 BeKind the Chiller (level 4, -3/27 HPs)
             Began as an Octopode Ice Elementalist on Mar 14, 2024.
             Was a Follower of Lugonu.
             Slain by a centaur (5 damage)
             ... on level 6 of the Dungeon.
             The game lasted 00:03:06 (1929 turns).

BeKind the Chiller (Octopode Ice Elementalist)      Turns: 1929, Time: 00:03:06

Health: -3/27      AC:  1    Str:  7    XL:     4   Next: 57%
Magic:  5/8        EV: 12    Int: 19    God:    Lugonu [*.....]
Gold:   81         SH:  0    Dex: 12    Spells: 1/8 levels left

rFire   . . .        e - +1 dagger (venom)
rCold   . . .        (no shield)
rNeg    . . .        (helmet restricted)
rPois   .            (no amulet)
rElec   .            (no ring)
rCorr   .            (no ring)
SInv    .            (no ring)
Will    .....        (no ring)
Stlth   +++          (no ring)
HPRegen 0.24/turn    (no ring)
MPRegen 0.11/turn    (no ring)
                     (no ring)

%: no passive effects
@: no status effects
A: almost no armour, amphibious, 8 rings, camouflage 1, gelatinous body 1,
(nimble swimmer 1), tentacles
a: Renounce Religion, Depart the Abyss


You were on level 6 of the Dungeon.
You worshipped Lugonu.
Lugonu was aware of your devotion.
You visited 1 branch of the dungeon, and saw 4 of its levels.

You collected 81 gold pieces.

Inventory:

Hand Weapons
 b - a +0 dagger
 e - a +1 dagger of venom (weapon)
Jewellery
 h - a ring of protection from cold
Scrolls
 c - a scroll of identify {unknown}
 f - a scroll of enchant weapon {unknown}
 i - a scroll of revelation {unknown}
Potions
 a - 2 potions of magic
 d - a potion of curing {unknown}
 g - a potion of cancellation {unknown}


   Skills:
 + Level 2.9 Dodging
 - Level 3.0 Stealth
 + Level 2.6 Spellcasting
 + Level 4.5 Ice Magic
 * Level 1.8 Invocations


You had one spell level left.
You knew the following spells:

 Your Spells              Type           Power      Damage    Failure   Level
a - Freeze                Ice            76%        1d8       2%          1
b - Frozen Ramparts       Ice            38%        1d6       8%          3
c - Summon Ice Beast      Ice/Summ       11%        N/A       19%         3

Your spell library contained the following spells:

 Spells                   Type           Power      Damage    Failure   Level
 Magic Dart               Conj           8%         1d3       16%         1
 Ozocubu's Armour         Ice            19%        N/A       8%          3


Dungeon Overview and Level Annotations

Branches:
Dungeon (3/15)             Temple (0/1) D:6

Altars:
Lugonu


Innate Abilities, Weirdness & Mutations

You cannot wear most types of armour.
You are amphibious.
You can wear up to eight rings at the same time.
Your skin changes colour to match your surroundings (Stealth+).
Your rubbery body absorbs attacks. (AC +1, EV +1)
((You are camouflaged when in or above water. (Stealth+)))
You have tentacles for arms and can constrict up to eight enemies at once.


Message History

Your magical contamination has completely faded away.
The phantom barely misses your ice beast.
Your ice beast hits the phantom.
Your ice beast freezes the phantom.
The phantom resists.
The phantom hits your ice beast.
Your ice beast closely misses the phantom.
The phantom hits your ice beast but does no damage.
The phantom hits your ice beast but does no damage.
Your ice beast closely misses the phantom.
Your ice beast closely misses the phantom.
The phantom hits your ice beast.
The phantom blinks!
Your ice beast blinks!
Your ice beast misses the phantom.
Your ice beast hits the phantom.
Your ice beast freezes the phantom.
The phantom resists.
The phantom hits your ice beast.
The phantom blinks!
Your ice beast blinks!
Your ice beast closely misses the phantom.
The phantom hits your ice beast.
The phantom hits your ice beast but does no damage.
Your ice beast closely misses the phantom.
Your ice beast closely misses the phantom.
Found a chain mail.
Found a chain mail.
Found a staircase to the Ecumenical Temple.
Found a scroll labelled VAYGRA YS YFI.
A wight comes into view. It is wielding a +0 morningstar.
There is a staircase to the Ecumenical Temple here.
A centaur comes into view.
Your ice beast disappears in a puff of smoke!
The centaur wields a +0 shortbow.
The centaur shoots an arrow.
The arrow hits you. The phantom hits you!
The phantom blinks!
You blink.
The centaur shoots an arrow.
The arrow hits you!
* * * LOW HITPOINT WARNING * * *
The phantom misses you.
You see here a +0 chain mail.
The phantom hits you.
* * * LOW HITPOINT WARNING * * *
The phantom blinks!
You blink.
The centaur unwields a +0 shortbow.
The centaur hits you.
You die...

#.§...# ...
##.§§..####.##
##.[.§..?.....##.
#.§[.............
##.§..#.##.......
####............
#...............
#.......c.......
####......W@.......
##..(.##..#.........
#.....##..#.........
##..#...##.....##.#..
#...###......#....##.
##.## #......#......
#.# #.......)####.
### ##.###..#####
####.......#


You could see a phantom and a centaur.

Vanquished Creatures
  A jelly (D:6)
  An adder (D:3)
  An adder zombie (D:2)
  4 dart slugs
  2 ribbon worms
  An orc (D:2)
  2 bats (D:1)
  An endoplasm (D:2)
  3 giant cockroaches (D:1)
  3 goblins (D:1)
  3 hobgoblins
  2 jackals (D:1)
  2 quokkas
  A frilled lizard (D:1)
  2 kobolds (D:1)
  4 rats
33 creatures vanquished.

Notes
Turn   | Place    | Note
-------+----------+-------------------------------------------
     0 | D:1      | BeKind the Octopode Ice Elementalist began the quest for
                  | the Orb.
     0 | D:1      | Reached XP level 1. HP: 11/11 MP: 3/3
   155 | D:1      | Reached XP level 2. HP: 17/17 MP: 5/5
   310 | D:1      | Found a faded altar of an unknown god.
   315 | D:1      | Got Plato's Compendium of Conflict
   412 | D:1      | Prayed at the altar of an unknown god.
   412 | D:1      | Became a worshipper of Lugonu the Unformed
   412 | D:1      | Reached * piety under Lugonu
   822 | D:1      | Reached XP level 3. HP: 21/21 MP: 6/6
  1098 | D:2      | Learned a level 3 spell: Frozen Ramparts
  1584 | D:3      | Reached skill level 1 in Invocations
  1664 | D:3      | Reached XP level 4. HP: 10/27 MP: 2/7
  1784 | D:3      | You fall into a shaft and drop 3 floors!
  1789 | D:6      | Noticed a phantom
  1806 | D:6      | Learned a level 3 spell: Summon Ice Beast
  1916 | D:6      | Found a staircase to the Ecumenical Temple.
  1926 | D:6      | Noticed a centaur
  1929 | D:6      | Slain by a centaur

Illustrated notes

Levels and vault maps discovered:
D:1:      ebering_hopf_link, layout_loops_ring,
          shapermc_ecumenical_altar_rom_forum
D:2:      layout_loops_ring, serial_undead, serial_undead_b, serial_undead_a,
          serial_undead_a, serial_undead_c, kennysheep_flooded_box
D:3:      minmay_recursive_quarters, layout_basic,
          mainiacjoe_overflow_boulevard, serial_shops,
          nicolae_shop_tiny_statue_garden
D:6:      layout_cave_pools, zin_angel, minmay_temple_entry_purple_smoke,
          lightli_sewer_entry_pipes, hellmonk_no_cap

Skill      XL: |  1  2  3 |
---------------+----------+-----
Stealth        | 3 |  3.0
Invocations    | 1 |  1.8
Dodging        | |  2.9
Spellcasting   | |  2.6
Ice Magic      | |  4.5

Action                     |  1- 3 |  4- 6 || total
---------------------------+-------+-------++-------
  Melee: Dagger            |    45 |     8 ||    53
         Unarmed           |     4 |       ||     4
         Constrict         |    18 |     1 ||    19
         Tentacles         |    12 |       ||    12
   Cast: Freeze            |    13 |     2 ||    15
         Frozen Ramparts   |     2 |       ||     2
         Summon Ice Beast  |       |     2 ||     2
    Use: Potion            |       |     1 ||     1
   Stab: Sleeping          |     5 |       ||     5
 Armour: Skin              |    32 |     8 ||    40
  Dodge: Dodged            |    26 |     6 ||    32

Table legend: (Time is in decaauts)
 A = Elapsed time spent in this place.
 B = Non-inter-level travel time spent in this place.
 C = Inter-level travel time spent in this place.
 D = Time resting spent in this place.
 E = Time spent auto-exploring this place.
 F = Levels seen in this place.
 G = Mean time per level.
                   A        B        C        D        E       F      G
               +--------+--------+--------+--------+--------+-----+--------+
         Total |   1927 |   1865 |     62 |     24 |   1541 |   4 |  481.8 |
       Dungeon |   1927 |   1865 |     62 |     24 |   1541 |   4 |  481.8 |
               +--------+--------+--------+--------+--------+-----+--------+

Top non-repeatable levels by time:
     D:1: 872 daAuts
     D:2: 680 daAuts
     D:3: 229 daAuts
     D:6: 144 daAuts
